 Dungeon Crawl Stone Soup version 0.23.2-30-g0e89c35649 (webtiles) character file.

Game seed: 12062526747301999788

76 funkygono the Stinger (level 4, 0/32 HPs)
             Began as a Formicid Venom Mage on June 15, 2019.
             Slain by Sigmund
             ... wielding a +0 scythe
              (14 damage)
             ... on level 3 of the Dungeon.
             The game lasted 00:07:47 (2635 turns).

funkygono the Stinger (Formicid Venom Mage)         Turns: 2635, Time: 00:07:48

Health: 0/32       AC:  2    Str: 13    XL:     4   Next: 57%
Magic:  7/8        EV: 12    Int: 15    God:
Gold:   141        SH:  0    Dex: 11    Spells: 4/9 levels left

rFire    . . .     SeeInvis +   k - +1 whip
rCold    . . .     Gourm    .   (no shield)
rNeg     . . .     Faith    .   a - +0 robe
rPois    .         Spirit   .   (helmet unavailable)
rElec    .         Reflect  .   (no cloak)
rCorr    .         Harm     .   (no gloves)
MR       .....                  (no boots)
Stlth    ++........             (no amulet)
HPRegen  0.10/turn              (no ring)
MPRegen  0.11/turn              (no ring)

@: no status effects
A: permanent stasis, dig shafts and tunnels, four strong arms, antennae 3
a: Dig, Shaft Self


You were on level 3 of the Dungeon.
You were not hungry.

You visited 1 branch of the dungeon, and saw 3 of its levels.

You collected 141 gold pieces.

Inventory:

Hand Weapons
 f - a +1 hunting sling of freezing
 k - a +1 whip (weapon)
Missiles
 i - 103 stones (quivered)
 j - 43 sling bullets
Armour
 a - a +0 robe (worn)
Scrolls
 e - a scroll of enchant armour {unknown}
 h - a scroll of magic mapping
Potions
 b - a potion of curing
 d - a potion of heal wounds {unknown}
 l - a potion of invisibility {unknown}
 m - a potion of mutation {unknown}
Comestibles
 c - 9 rations
 g - 4 chunks of flesh


   Skills:
 * Level 1.2 Fighting
 + Level 0.2 Maces & Flails
 * Level 1.1 Armour
 + Level 1.7 Dodging
 + Level 2.6 Stealth
 * Level 3.2 Spellcasting
 + Level 1.1 Conjurations
 + Level 4.8 Poison Magic


You had 4 spell levels left.
You knew the following spells:

 Your Spells              Type           Power        Failure   Level  Hunger
a - Sting                 Conj/Pois      ##..         6%          1    #......
b - Olgreb's Toxic Radia  Pois           ###.....     26%         4    #####..

Your spell library contained the following spells:

 Spells                   Type           Power        Failure   Level  Hunger
 Poisonous Vapours        Pois/Air       #.....       11%         2    ##.....
 Mephitic Cloud           Conj/Pois/Air  #.......     26%         3    ###....
 Venom Bolt               Conj/Pois      ##........   85%         5    ######.


Dungeon Overview and Level Annotations

Branches:
Dungeon (3/15)

Altars:
Wu Jian

Annotations:
D:2 Robin
D:3 1 runed translucent door, Sassenached's ghost, weakling KoEn; Sigmund


Innate Abilities, Weirdness & Mutations

You cannot be hasted, slowed, berserked, paralysed or teleported.
You can dig through walls and to a lower floor.
Your four strong arms can wield two-handed weapons with a shield.
You have a pair of large antennae on your head. (SInv)


Message History

You bump into the rock wall.
You're too confused to cast spells.
Okay, then.
You're too confused to cast spells.
Unknown command.
Sigmund hits you with a +0 scythe!
You closely miss Sigmund.
Sigmund is moderately wounded.
You feel less confused. Sigmund barely misses you.
Sigmund hits you with a +0 scythe!
* * * LOW HITPOINT WARNING * * *
You feel better.
Sigmund looks more healthy.
You barely miss Sigmund.
Sigmund is moderately wounded.
Sigmund closely misses you.
You barely miss Sigmund.
Sigmund is moderately wounded.
Sigmund hits you with a +0 scythe!
You die...

############ #####
#.@@......(### .....
#..###.###.....#####
#.. #.# #..### #..
#.# #..# #.. #.#
#..# #..
#.###..######## #..
#.............. #..
#####..######## #..
#...# #.


You could see Sigmund.

Vanquished Creatures
  2 adders (D:2)
  2 worms (D:2)
  A dart slug (D:1)
  3 giant cockroaches
  8 hobgoblins
  8 bats
  4 frilled lizards
  9 goblins
  6 kobolds
  4 rats
47 creatures vanquished.

Notes
Turn   | Place    | Note
-------+----------+-------------------------------------------
     0 | D:1      | funkygono the Formicid Venom Mage began the quest for the
                  | Orb.
     0 | D:1      | Reached XP level 1. HP: 13/13 MP: 3/3
   262 | D:1      | Reached XP level 2. HP: 16/20 MP: 0/5
   461 | D:1      | Reached skill level 1 in Conjurations
   618 | D:1      | Reached skill level 1 in Armour
   618 | D:1      | Reached XP level 3. HP: 25/25 MP: 4/6
   679 | D:1      | Reached skill level 1 in Fighting
  1523 | D:2      | Reached XP level 4. HP: 32/32 MP: 6/8
  1529 | D:2      | Learned a level 4 spell: Olgreb's Toxic Radiance
  1675 | D:2      | Found an ornate altar of the Wu Jian Council.
  1676 | D:2      | Noticed Robin
  2433 | D:3      | Found a runed translucent door.
  2434 | D:3      | Noticed Sassenached's ghost (weakling KoEn)
  2624 | D:3      | Noticed Sigmund
  2635 | D:3      | Slain by Sigmund

Skill      XL: |  1  2  3  4 |
---------------+-------------+-----
Conjurations   | 1 |  1.1
Armour         | 1 |  1.1
Fighting       | 1 |  1.2
Spellcasting   | 3 |  3.2
Maces & Flails | |  0.2
Dodging        | |  1.7
Stealth        | |  2.6
Poison Magic   | |  4.8

Action                   |  1- 3 |  4- 6 || total
-------------------------+-------+-------++-------
Melee: Dagger            |    14 |     1 ||    15
       Club              |     7 |       ||     7
       Whip              |       |     7 ||     7
 Cast: Sting             |    51 |    22 ||    73
       Olgreb's Toxic Ra |       |     1 ||     1
  Use: Scroll            |     3 |     3 ||     6
       Potion            |       |     1 ||     1
  Eat: Chunk             |     2 |     2 ||     4
       Ration            |       |     1 ||     1
Armor: Robe              |     4 |     2 ||     6
Dodge: Dodged            |    17 |     5 ||    22
